[Event "UZB-ch Men 2021"]
[Site "Tashkent"]
[Date "2021.04.17"]
[Round "1.2"]
[White "Sindarov, Javokhir"]
[Black "Shermuhammadov, Samandar"]
[Result "1-0"]
[ECO "C42"]
[WhiteElo "2544"]
[BlackElo "2063"]
[Annotator "broadcasts"]
[PlyCount "67"]
[EventDate "2021.04.17"]
[EventType "tourn"]
[EventCountry "UZB"]
[TimeControl "5400+30"]

1. e4 e5 2. Nf3 Nf6 3. Nxe5 d6 4. Nc4 Nxe4 5. Qe2 Qe7 6. Ne3 c6 7. b3 Qe5 8. c3 Be7 9. g3 d5 10. Bg2 b6 11. O-O Ba6 12. d3 Nc5 13. Rd1 O-O 14. Bb2 Bf6 15. Na3 Nbd7 16. Nac2 Qe6 17. Nb4 Bb7 18. d4 a5 19. Nd3 Nxd3 20. Qxd3 Bg5 21. f4 Bd8 22. Re1 Qg6 23. Nf5 Kh8 24. Ba3 Rg8 25. Nd6 Ba6 26. Qxg6 hxg6 27. Nxf7+ Kh7 28. Re6 Bb5 29. Be7 Bxe7 30. Rxe7 Nf6 31. Rc1 Rge8 32. Rxe8 Rxe8 33. Ne5 Rd8 34. a4 1-0

[Event "UZB-ch Men 2021"]
[Site "Tashkent"]
[Date "2021.04.17"]
[Round "1.3"]
[White "Vakhidov, Jakhongir"]
[Black "Begmuratov, Khumoyun"]
[Result "1-0"]
[ECO "A27"]
[WhiteElo "2533"]
[BlackElo "1971"]
[Annotator "broadcasts"]
[PlyCount "165"]
[EventDate "2021.04.17"]
[EventType "tourn"]
[EventCountry "UZB"]
[SourceVersionDate "2021.04.17"]
[TimeControl "5400+30"]

1. c4 e5 2. Nc3 Nc6 3. Nf3 f5 4. g3 Nf6 5. d4 e4 6. Nh4 d6 7. Ng2 g6 8. h4 Bg7 9. Bg5 h6 10. Bxf6 Qxf6 11. e3 O-O 12. Nf4 Ne7 13. Be2 c6 14. Qb3 Qf7 15. O-O-O b6 16. Qa3 Rd8 17. Kb1 a6 18. Rhg1 h5 19. Qb3 Rb8 20. f3 exf3 21. Bxf3 b5 22. cxb5 Qxb3 23. axb3 axb5 24. b4 Re8 25. Rge1 Bb7 26. e4 fxe4 27. Bxe4 Nf5 28. Bxf5 Rxe1 29. Rxe1 gxf5 30. Rd1 Bh6 31. Nxh5 Kh7 32. d5 c5 33. bxc5 dxc5 34. Nf6+ Kg6 35. Nd7 Rc8 36. Nxb5 Rd8 37. Nb6 Bf8 38. Nc7 Bd6 39. Ne6 Re8 40. Nc4 Bxg3 41. Nxc5 Bc8 42. Rg1 f4 43. Nd6 Bf5+ 44. Nxf5 Kxf5 45. d6 Bxh4 46. d7 Rd8 47. Rd1 f3 48. Nb7 Rb8 49. d8=Q Bxd8 50. Nxd8 Ke4 51. Ne6 Ke3 52. Ng5 Ke2 53. Rc1 f2 54. Ne4 f1=N 55. Nc3+ Kf2 56. Rd1 Ne3 57. Rd4 Rb7 58. Nd1+ Ke2 59. Nxe3 Kxe3 60. Rh4 Kd3 61. Ka2 Kc2 62. Rc4+ Kd3 63. b3 Rb8 64. Kb2 Rb7 65. Rh4 Rc7 66. b4 Rc4 67. Rh3+ Kd4 68. Kb3 Rc8 69. b5 Rc1 70. Kb4 Rb1+ 71. Ka5 Kc5 72. Rc3+ Kd6 73. b6 Kd7 74. Ka6 Ra1+ 75. Kb7 Rb1 76. Rd3+ Ke8 77. Kc7 Rc1+ 78. Kb8 Rb1 79. b7 Ra1 80. Rd5 Ra2 81. Kc7 Rc2+ 82. Kb6 Rb2+ 83. Rb5 1-0

[Event "UZB-ch Men 2021"]
[Site "Tashkent"]
[Date "2021.04.17"]
[Round "1.4"]
[White "Vokhidov, Shamsiddin"]
[Black "Dzhumaev, Marat"]
[Result "1/2-1/2"]
[ECO "B13"]
[WhiteElo "2529"]
[BlackElo "2425"]
[Annotator "broadcasts"]
[PlyCount "98"]
[EventDate "2021.04.17"]
[EventType "tourn"]
[EventCountry "UZB"]
[SourceVersionDate "2021.04.17"]
[TimeControl "5400+30"]

1. e4 c6 2. d4 d5 3. exd5 cxd5 4. c4 Nf6 5. Nc3 Nc6 6. Nf3 Bg4 7. cxd5 Nxd5 8. Qb3 Bxf3 9. gxf3 e6 10. Qxb7 Nxd4 11. Bb5+ Nxb5 12. Qc6+ Ke7 13. Qxb5 Qd7 14. Nxd5+ Qxd5 15. Qxd5 exd5 16. Be3 Ke6 17. O-O-O Rc8+ 18. Kb1 Bc5 19. Rhe1 Kd6 20. Rd3 Rhd8 21. Bg5 f6 22. Bf4+ Kc6 23. Re6+ Kd7 24. Ra6 Ke7 25. a4 g5 26. Be3 d4 27. Bd2 Rd6 28. Rxd6 Bxd6 29. f4 gxf4 30. Rxd4 Be5 31. Rb4 f3 32. Be3 Rc7 33. h3 Ke6 34. a5 Kd5 35. a6 Rc6 36. Rb7 Rxa6 37. Rxa7 Rd6 38. Rxh7 Ke4 39. Kc2 Rc6+ 40. Kb3 Rd6 41. Kc4 Bxb2 42. Rh4+ Kf5 43. Rf4+ Kg6 44. Rxf3 Be5 45. Bc5 Rd1 46. Rd3 Rxd3 47. Kxd3 Kh5 48. Ke4 Kh4 49. f4 Bxf4 1/2-1/2

[Event "UZB-ch Men 2021"]
[Site "Tashkent"]
[Date "2021.04.17"]
[Round "1.6"]
[White "Rakhmatullaev, Almas"]
[Black "Madaminov, Mukhiddin"]
[Result "1-0"]
[ECO "C11"]
[WhiteElo "2190"]
[BlackElo "2258"]
[Annotator "NA"]
[PlyCount "87"]
[EventDate "2021.04.17"]
[EventType "tourn"]
[EventCountry "UZB"]
[SourceVersionDate "2021.04.17"]
[TimeControl "5400+30"]

1. e4 e6 2. d4 d5 3. Nc3 Nf6 4. e5 Nfd7 5. f4 c5 6. Nf3 Nc6 7. Be3 Qb6 8. a3 cxd4 9. Nxd4 Bc5 10. Na4 Qa5+ 11. c3 Bxd4 12. Bxd4 Nxd4 13. Qxd4 b6 14. Bd3 Ba6 15. Bc2 Qb5 16. O-O-O Rc8 17. b4 Qc6 18. Kd2 O-O 19. Rhe1 Rfd8 20. Nb2 Nb8 21. a4 Qe8 22. b5 Bb7 23. f5 Nd7 24. f6 g6 25. Re3 Nc5 26. Ke1 Ne4 27. Qb4 Rc5 28. Rd4 Rdc8 29. Bxe4 dxe4 30. Nc4 Qf8 31. Nd6 R8c7 32. Nxb7 Rxb7 33. Rexe4 Rbc7 34. c4 Rc8 35. Qd2 h5 36. h3 R5c7 37. g4 h4 38. g5 Rc5 39. Rd6 Ra8 40. Qd4 Rcc8 41. Rxh4 Rd8 42. Rh6 Rxd6 43. exd6 Qxd6 44. Qxd6 1-0

[Event "UZB-ch Men 2021"]
[Site "Tashkent"]
[Date "2021.04.20"]
[Round "2.2"]
[White "Dzhumaev, Marat"]
[Black "Abdurakhmonov, Mukhammadali"]
[Result "1/2-1/2"]
[ECO "B70"]
[WhiteElo "2425"]
[BlackElo "2284"]
[Annotator "RC"]
[PlyCount "143"]
[EventDate "2021.04.17"]
[EventType "tourn"]
[EventCountry "UZB"]
[SourceTitle "playchess.com"]
[Source "ChessBase"]
[SourceQuality "1"]
[TimeControl "5400+30"]

1. e4 c5 2. Nf3 d6 3. d4 cxd4 4. Nxd4 Nf6 5. Nc3 a6 6. Nb3 Nc6 7. Be2 g6 8. O-O Bg7 9. Re1 O-O 10. Bg5 b5 11. Bf1 Nd7 12. Qc1 Bb7 13. a4 bxa4 14. Rxa4 Nb6 15. Ra3 Re8 16. Nd5 Ne5 17. Rd1 Bxd5 18. exd5 Nec4 19. Ra2 Qc7 20. c3 a5 21. Qc2 a4 22. Nd4 Nxd5 23. Rxa4 Ndb6 24. Rxa8 Rxa8 25. b3 Ne5 26. c4 Bf8 27. h3 Rc8 28. Nb5 Qd7 29. Qd2 Qf5 30. Be3 Na8 31. Be2 h5 32. f4 Nd7 33. g4 Qf6 34. gxh5 Nc7 35. Nxc7 Rxc7 36. hxg6 fxg6 37. Kh2 e5 38. Rg1 exf4 39. Bxf4 Ne5 40. Qd5+ Kh7 41. Bg3 Ra7 42. Rf1 Qe7 43. Rf2 Bg7 44. Bd1 Qg5 45. Bf4 Qh4 46. Bg3 Qg5 47. Bc2 Ra1 48. Qe4 Qc1 49. Qg2 Qh6 50. Bf4 Qh4 51. Be3 Bh6 52. Qb7+ Kh8 53. Kg2 Rg1+ 54. Kxg1 Bxe3 55. Qa8+ Kh7 56. Qg2 Bxf2+ 57. Qxf2 Qxh3 58. Be4 Qxb3 59. Qh4+ Kg7 60. Qe7+ Nf7 61. Bd5 Qg3+ 62. Kf1 Qf4+ 63. Ke2 Qe5+ 64. Qxe5+ Nxe5 65. Ke3 Kf6 66. Kd4 Nd7 67. Bf3 g5 68. Kd5 Ke7 69. Ke4 Kf6 70. Kd5 Ke7 71. Ke4 Ne5 72. c5 1/2-1/2

[Event "UZB-ch Men 2021"]
[Site "Tashkent"]
[Date "2021.04.20"]
[Round "4.1"]
[White "Dzhumaev, Marat"]
[Black "Madaminov, Mukhiddin"]
[Result "1-0"]
[ECO "A32"]
[WhiteElo "2425"]
[BlackElo "2258"]
[Annotator "RC"]
[PlyCount "98"]
[EventDate "2021.04.17"]
[EventType "tourn"]
[EventCountry "UZB"]
[SourceTitle "playchess.com"]
[Source "ChessBase"]
[SourceQuality "1"]
[TimeControl "5400+30"]

1. d4 Nf6 2. c4 e6 3. g3 c5 4. Nf3 cxd4 5. Nxd4 Qc7 6. Nd2 Nc6 7. Nb5 Qb6 8. Bg2 d5 9. O-O Be7 10. Nf3 O-O 11. Be3 Bc5 12. Bxc5 Qxc5 13. Nc7 Rb8 14. cxd5 exd5 15. Qd2 Be6 16. Rac1 Qb6 17. Nxe6 fxe6 18. Ng5 Rfe8 19. e4 h6 20. exd5 Rbd8 21. Ne4 Nxe4 22. Bxe4 Nb4 23. Bb1 Nxd5 24. Rfe1 Nf6 25. Qc3 Kf7 26. Re2 e5 27. Qc4+ Kf8 28. Bg6 Re7 29. Rxe5 Ng4 30. Qf4+ Nf6 31. Rxe7 Kxe7 32. Rc7+ Rd7 33. Qe5+ Qe6 34. Rxd7+ Nxd7 35. Qxg7+ Kd8 36. a3 Qd5 37. Qh8+ Kc7 38. Qc3+ Kb8 39. Qd3 Qc6 40. Be4 Qc7 41. Qd2 a6 42. Qxh6 Qe5 43. Qf4 Qxf4 44. gxf4 b6 45. Kg2 Kc7 46. Kg3 Kd6 47. Kg4 Nc5 48. Bc2 Ne6 49. h4 Kd5 1-0

[Event "UZB-ch Men 2021"]
[Site "Tashkent"]
[Date "2021.04.20"]
[Round "4.3"]
[White "Shermuhammadov, Samandar"]
[Black "Abdurakhmonov, Mukhammadali"]
[Result "1/2-1/2"]
[ECO "B51"]
[WhiteElo "2063"]
[BlackElo "2284"]
[Annotator "NA RC"]
[PlyCount "121"]
[EventDate "2021.04.17"]
[EventType "tourn"]
[EventCountry "UZB"]
[SourceTitle "playchess.com"]
[Source "ChessBase"]
[SourceQuality "1"]
[TimeControl "5400+30"]

1. e4 c5 2. Nf3 Nf6 3. Nc3 d6 4. Bb5+ Nbd7 5. d4 cxd4 6. Nxd4 a6 7. Be2 e6 8. O-O b5 9. f3 Bb7 10. a3 Be7 11. Qe1 d5 12. exd5 Nxd5 13. Nxd5 Bxd5 14. Be3 O-O 15. Rd1 Qc7 16. Qg3 Bd6 17. Qh3 Ne5 18. Kh1 Nc4 19. Bc1 Bf4 20. Bd3 g6 21. Bxc4 bxc4 22. Bxf4 Qxf4 23. Ne2 Qe3 24. Nc3 Rab8 25. Rde1 Qf4 26. Nd1 Rfd8 27. Qg3 Qxg3 28. hxg3 Bc6 29. Rf2 Kg7 30. c3 Ba4 31. Ne3 Rbc8 32. Nc2 Rc5 33. Kg1 h5 34. Re4 Rd1+ 35. Kh2 Bxc2 36. Rxc2 Kf6 37. Rf4+ Ke7 38. Rd4 Rb1 39. f4 Rd5 40. Rxd5 exd5 41. Re2+ Kd6 42. g4 hxg4 43. Kg3 f5 44. Kh4 d4 45. cxd4 Kd5 46. Kg5 Kxd4 47. Rd2+ Ke3 48. Rc2 Kd3 49. Rc3+ Kd4 50. Rc2 Rf1 51. g3 Rg1 52. Kxg6 Rxg3 53. Kxf5 Rg1 54. Kg5 g3 55. Kg4 a5 56. Kf3 Kd3 57. Rc3+ Kd4 58. Rc2 Kd3 59. Rc3+ Kd4 60. Rc2 Kd3 61. Rc3+ 1/2-1/2

[Event "UZB-ch Men 2021"]
[Site "Tashkent"]
[Date "2021.04.25"]
[Round "9.3"]
[White "Madaminov, Mukhiddin"]
[Black "Abdisalimov, Abdimalik"]
[Result "0-1"]
[ECO "B51"]
[WhiteElo "2258"]
[BlackElo "2392"]
[Annotator "RC"]
[PlyCount "162"]
[EventDate "2021.04.17"]
[EventType "tourn"]
[EventCountry "UZB"]
[SourceTitle "playchess.com"]
[Source "ChessBase"]
[SourceQuality "1"]
[TimeControl "5400+30"]

1. e4 c5 2. Nf3 d6 3. Bb5+ Nd7 4. O-O a6 5. Bd3 Ngf6 6. Re1 g6 7. c3 b5 8. Bc2 Bg7 9. d4 cxd4 10. cxd4 O-O 11. Nbd2 Bb7 12. Nb3 Rc8 13. Bd2 Nb6 14. Ba5 Nfd7 15. a4 Qe8 16. axb5 axb5 17. Nbd2 Nc4 18. Nxc4 bxc4 19. Qe2 Nf6 20. Bc3 Qb5 21. Ra5 Qb6 22. Rea1 d5 23. e5 Nd7 24. h4 Ra8 25. h5 Rxa5 26. Rxa5 Ra8 27. Rxa8+ Bxa8 28. Ng5 Nf8 29. hxg6 hxg6 30. f4 Bb7 31. f5 f6 32. Nf3 Bc8 33. exf6 Qxf6 34. fxg6 Bg4 35. Qe5 Qe6 36. Qg5 Bf6 37. Qf4 Qe2 38. g7 Bxg7 39. Qxg4 Qxc2 40. Ne5 Qc1+ 41. Kf2 Qh6 42. Ke2 Ne6 43. g3 Qf6 44. Nf3 Nf8 45. Ne5 Ne6 46. Nf3 Qh6 47. Bd2 Qf6 48. Bc3 Nf8 49. Ne5 e6 50. Bb4 Qf5 51. Qxf5 exf5 52. Nc6 Ng6 53. Bc5 Kf7 54. Nd8+ Kf6 55. Bd6 Bh6 56. Kd1 Be3 57. Nc6 Ke6 58. Bb8 Nf8 59. Be5 Nd7 60. Nd8+ Ke7 61. Nc6+ Kf7 62. Nd8+ Kg6 63. Nc6 Nxe5 64. Nxe5+ Kg5 65. Nc6 Kf6 66. Kc2 Bf2 67. b3 cxb3+ 68. Kxb3 Bxg3 69. Kb4 f4 70. Ne5 Kf5 71. Kc5 Ke4 72. Nf7 Bh4 73. Nd6+ Kd3 74. Nf7 Bf6 75. Ne5+ Ke4 76. Kd6 Kxd4 77. Nf3+ Ke3 78. Nh2 Ke4 79. Nf1 d4 80. Kc5 Kd3 81. Kd5 Ke2 0-1

[Event "UZB-ch Men 2021"]
[Site "Tashkent"]
[Date "2021.04.25"]
[Round "9.6"]
[White "Begmuratov, Khumoyun"]
[Black "Shermuhammadov, Samandar"]
[Result "1-0"]
[ECO "B01"]
[WhiteElo "1971"]
[BlackElo "2063"]
[Annotator "ChessBase"]
[PlyCount "101"]
[EventDate "2021.04.17"]
[EventType "tourn"]
[EventCountry "UZB"]
[SourceTitle "playchess.com"]
[Source "ChessBase"]
[SourceQuality "1"]
[TimeControl "5400+30"]

1. e4 d5 2. exd5 Qxd5 3. d4 Nf6 4. c4 Qd8 5. Nf3 g6 6. Nc3 Bg7 7. Be2 c6 8. Be3 Nbd7 9. Qd2 h6 10. d5 cxd5 11. cxd5 a6 12. a4 Nb6 13. Rd1 Bd7 14. b3 Nc8 15. Ne5 Nd6 16. Bf3 Rc8 17. O-O Bf5 18. Bd4 O-O 19. Rfe1 g5 20. Qe2 Re8 21. g4 Bh7 22. Nc4 Nd7 23. Bxg7 Kxg7 24. Ne4 Nxc4 25. bxc4 Qc7 26. Qb2+ Kg8 27. Ng3 Qb6 28. Qa1 Bg6 29. Be4 Bxe4 30. Rxe4 Qf6 31. Nf5 Kf8 32. Qa3 Nc5 33. Re3 h5 34. d6 hxg4 35. Nxe7 Nd7 36. Nxc8 Rxc8 37. Re7 Qf5 38. Qb2 f6 39. Rd5 Ne5 40. Qxb7 g3 41. Rf7+ Kg8 42. Rg7+ Kh8 43. Rh7+ Qxh7 44. Qxc8+ Kg7 45. Qb7+ Nf7 46. hxg3 Qc2 47. d7 Qe2 48. d8=Q Qe1+ 49. Kg2 Qe4+ 50. Kh2 Qh7+ 51. Kg1 1-0

[Event "UZB-ch Men 2021"]
[Site "Tashkent"]
[Date "2021.04.26"]
[Round "10.2"]
[White "Saydaliev, Saidakbar"]
[Black "Dzhumaev, Marat"]
[Result "1/2-1/2"]
[ECO "E73"]
[WhiteElo "2385"]
[BlackElo "2425"]
[Annotator "RC"]
[PlyCount "47"]
[EventDate "2021.04.17"]
[EventType "tourn"]
[EventCountry "UZB"]
[SourceTitle "playchess.com"]
[Source "ChessBase"]
[SourceQuality "1"]
[TimeControl "5400+30"]

1. d4 Nf6 2. c4 g6 3. Nc3 Bg7 4. e4 d6 5. Be2 O-O 6. Bg5 Nc6 7. d5 Ne5 8. Qd2 c6 9. Nf3 Nxf3+ 10. Bxf3 a6 11. O-O Rb8 12. Rfe1 Re8 13. h3 Nd7 14. Be2 Qa5 15. Bf1 Ne5 16. Rac1 b5 17. cxb5 axb5 18. dxc6 Nxc6 19. Nd5 Qxd2 20. Bxd2 Bd7 21. Nc7 Rec8 22. Nxb5 Bxb2 23. Rc2 Bf6 24. Rec1 1/2-1/2

[Event "UZB-ch Men 2021"]
[Site "Tashkent"]
[Date "2021.04.27"]
[Round "11.4"]
[White "Dzhumaev, Marat"]
[Black "Abdisalimov, Abdimalik"]
[Result "1-0"]
[ECO "A60"]
[WhiteElo "2425"]
[BlackElo "2392"]
[Annotator "NA"]
[PlyCount "35"]
[EventDate "2021.04.17"]
[EventType "tourn"]
[EventCountry "UZB"]
[SourceTitle "playchess.com"]
[Source "ChessBase"]
[SourceQuality "1"]
[TimeControl "5400+30"]

1. d4 Nf6 2. c4 e6 3. Nc3 c5 4. d5 exd5 5. cxd5 Bd6 6. e4 O-O 7. f4 Nxe4 8. Nxe4 Re8 9. Qe2 Bf8 10. g4 d6 11. f5 b6 12. Nh3 h5 13. Bg5 Qd7 14. O-O-O Na6 15. Nhf2 Qa4 16. b3 Qa5 17. Kb2 hxg4 18. Qxg4 1-0

[Event "UZB-ch Men 2021"]
[Site "Tashkent"]
[Date "2021.04.28"]
[Round "12.1"]
[White "Saydaliev, Saidakbar"]
[Black "Shermuhammadov, Samandar"]
[Result "1/2-1/2"]
[ECO "E18"]
[WhiteElo "2385"]
[BlackElo "2063"]
[Annotator "NA"]
[PlyCount "98"]
[EventDate "2021.04.17"]
[EventType "tourn"]
[EventCountry "UZB"]
[SourceTitle "playchess.com"]
[Source "ChessBase"]
[SourceQuality "1"]
[TimeControl "5400+30"]

1. d4 Nf6 2. c4 e6 3. g3 d5 4. Nf3 b6 5. Bg2 Bb7 6. Ne5 Be7 7. Nc3 O-O 8. O-O Qc8 9. cxd5 exd5 10. Bf4 Qe6 11. Rc1 c6 12. Qb3 Rd8 13. Rfe1 Nh5 14. Bd2 c5 15. Nb5 Na6 16. Bc3 Nf6 17. a3 h6 18. dxc5 Nxc5 19. Qa2 Qf5 20. Nf3 Nce4 21. Bd4 Bc5 22. b4 Bf8 23. h3 Ne8 24. Qb2 Ba6 25. Nc7 Nxc7 26. Rxc7 Bd6 27. Rcc1 f6 28. b5 Bb7 29. Be3 Bc5 30. Qb3 Rac8 31. Nd4 Qe5 32. Rcd1 Kh8 33. a4 a5 34. Nf3 Qc3 35. Qxc3 Nxc3 36. Bxc5 Rxc5 37. Ra1 Rc4 38. e3 Rxa4 39. Nd4 Rxa1 40. Rxa1 Rc8 41. Bf1 Ne4 42. g4 Rc3 43. f3 Nd6 44. Kf2 Bc8 45. Nc6 Bb7 46. Ne7 d4 47. e4 d3 48. Rd1 Rc2+ 49. Ke3 d2 1/2-1/2

[Event "UZB-ch Men 2021"]
[Site "Tashkent"]
[Date "2021.04.28"]
[Round "12.2"]
[White "Abdisalimov, Abdimalik"]
[Black "Begmuratov, Khumoyun"]
[Result "1/2-1/2"]
[ECO "C80"]
[WhiteElo "2392"]
[BlackElo "1971"]
[Annotator "NA"]
[PlyCount "87"]
[EventDate "2021.04.17"]
[EventType "tourn"]
[EventCountry "UZB"]
[SourceTitle "playchess.com"]
[Source "ChessBase"]
[SourceQuality "1"]
[TimeControl "5400+30"]

1. e4 e5 2. Nf3 Nc6 3. Bb5 a6 4. Ba4 Nf6 5. O-O Nxe4 6. d4 b5 7. Bb3 d5 8. dxe5 Be6 9. Nbd2 Bc5 10. Nxe4 dxe4 11. Bxe6 fxe6 12. Ng5 Qxd1 13. Rxd1 O-O 14. Nxe4 Bb6 15. Kf1 Rf5 16. f3 Raf8 17. c3 Rh5 18. h3 Rxe5 19. Re1 Ne7 20. a4 Ng6 21. b4 h6 22. Ra2 Rd5 23. a5 Ba7 24. Be3 Bxe3 25. Rxe3 e5 26. Ke1 Rfd8 27. g3 Rd1+ 28. Ke2 Rh1 29. Rd2 Rh2+ 30. Kd1 Rdxd2+ 31. Nxd2 Rxh3 32. Ne4 Ne7 33. Nc5 Rxg3 34. Nxa6 h5 35. Nxc7 h4 36. a6 Nc6 37. Ke1 h3 38. Kf2 Rg2+ 39. Kf1 Rg3 40. Re2 Rxf3+ 41. Kg1 Rxc3 42. Nxb5 Rc1+ 43. Kh2 Ra1 44. a7 1/2-1/2

[Event "UZB-ch Men 2021"]
[Site "Tashkent"]
[Date "2021.04.29"]
[Round "13.3"]
[White "Dzhumaev, Marat"]
[Black "Vakhidov, Jakhongir"]
[Result "1/2-1/2"]
[ECO "D85"]
[WhiteElo "2425"]
[BlackElo "2533"]
[Annotator "ChessBase"]
[PlyCount "31"]
[EventDate "2021.04.17"]
[EventType "tourn"]
[EventCountry "UZB"]
[SourceTitle "playchess.com"]
[Source "ChessBase"]
[SourceQuality "1"]
[TimeControl "5400+30"]

1. d4 Nf6 2. c4 g6 3. Nc3 d5 4. cxd5 Nxd5 5. e4 Nxc3 6. bxc3 Bg7 7. Nf3 c5 8. Be3 Qa5 9. Qd2 O-O 10. Rc1 Rd8 11. d5 e6 12. Bg5 Rd6 13. Bf4 Rd8 14. Bg5 Rd6 15. Bf4 Rd8 16. Bg5 1/2-1/2

[Event "UZB-ch Men 2021"]
[Site "Tashkent"]
[Date "2021.04.29"]
[Round "13.5"]
[White "Shermuhammadov, Samandar"]
[Black "Abdisalimov, Abdimalik"]
[Result "1/2-1/2"]
[ECO "B51"]
[WhiteElo "2063"]
[BlackElo "2392"]
[Annotator "ChessBase"]
[PlyCount "60"]
[EventDate "2021.04.17"]
[EventType "tourn"]
[EventCountry "UZB"]
[SourceTitle "playchess.com"]
[Source "ChessBase"]
[SourceQuality "1"]
[TimeControl "5400+30"]

1. e4 c5 2. Nf3 d6 3. Bb5+ Nd7 4. d4 Ngf6 5. Nc3 a6 6. Bxd7+ Nxd7 7. Be3 b6 8. O-O Bb7 9. a4 cxd4 10. Qxd4 Rc8 11. Rfd1 h6 12. Nd2 Rc6 13. Rac1 Qc8 14. Nd5 e6 15. Nb4 Rc7 16. b3 a5 17. Nd3 e5 18. Qb2 Be7 19. f3 O-O 20. c4 f5 21. exf5 Rxf5 22. Ne4 Qe8 23. Ndf2 Qg6 24. Ng3 Rf6 25. Nfe4 Re6 26. Nc3 Bh4 27. Nd5 Bxd5 28. cxd5 Rxc1 29. Qxc1 Rf6 30. Qc8+ Nf8 1/2-1/2